| TOP OF THE 1ST |
|
Wausau Timbers batting - Pitching for Quad Cities Angels : LHP Mike Foster
|
|
Pitching: LHP Mike Foster
|
|
|
Batting: SHB Herman Lewis
|
0-0: Called Strike 0-1: Fly out, F8 (Line Drive, 8RD, EV 84.4 MPH)
|
|
Batting: LHB Rodney Nealeigh
|
0-0: Ground out 6-3 (Groundball, 6, EV 78.8 MPH)
|
|
Batting: RHB Rich Renteria
|
0-0: Ball 1-0: SINGLE (Popup, 3D, EV 61.3 MPH)
|
|
Batting: LHB Tom M Foley
|
0-0: Ball 1-0: Foul Ball, location: 2F 1-1: Called Strike 1-2: Fly out, F8 (Flyball, 8LD, EV 85.0 MPH)
|
| Top of the 1st over - 0 runs, 1 hit, 0 errors, 1 left on base; Wausau 0 - Quad Cities 0 |
| BOTTOM OF THE 1ST |
|
Quad Cities Angels batting - Pitching for Wausau Timbers : LHP Stanley Osterbur
|
|
Pitching: LHP Stanley Osterbur
|
|
|
Batting: RHB Carlos Rios
|
0-0: Swinging Strike 0-1: Foul Ball, location: 2F 0-2: Ball 1-2: Ball 2-2: Ball 3-2: SINGLE (Groundball, 4MD, EV 111.3 MPH)
|
|
Batting: SHB Frank Diaz
|
0-0: Fly out, F9 (Flyball, 9LD, EV 95.6 MPH)
|
|
Batting: LHB Bob Helsom
|
0-0: Called Strike 0-1: Ball 1-1: Ball 2-1: Foul Ball, location: 2F 2-2: Foul Ball, location: 2F 2-2: Ball 3-2: Base on Balls Carlos Rios to second
|
|
Batting: RHB Rolando Roomes
|
0-0: Ball 1-0: Ball 2-0: Fly out, F8 (Flyball, 8LS, EV 96.3 MPH)
|
|
Batting: LHB Chuck Sandberg
|
0-0: Called Strike 0-1: Ball 1-1: Swinging Strike 1-2: Fly out, F1 (Popup, 15, EV 80.0 MPH)
|
| Bottom of the 1st over - 0 runs, 1 hit, 0 errors, 2 left on base; Wausau 0 - Quad Cities 0 |
| TOP OF THE 2ND |
|
Wausau Timbers batting - Pitching for Quad Cities Angels : LHP Mike Foster
|
|
Batting: RHB Douglas Davis
|
0-0: Swinging Strike 0-1: Ball 1-1: Fly out, F8 (Flyball, 78D, EV 90.0 MPH)
|
|
Batting: SHB James Flores
|
0-0: Ground out 6-3 (Groundball, 6, EV 88.8 MPH)
|
|
Batting: RHB Jeffrey Young
|
0-0: Called Strike 0-1: Fly out, F8 (Line Drive, 8LM, EV 91.9 MPH)
|
| Top of the 2nd over - 0 runs, 0 hits, 0 errors, 0 left on base; Wausau 0 - Quad Cities 0 |
| BOTTOM OF THE 2ND |
|
Quad Cities Angels batting - Pitching for Wausau Timbers : LHP Stanley Osterbur
|
|
Batting: RHB Craig Walck
|
0-0: Ball 1-0: Ground out 6-3 (Groundball, 6, EV 85.0 MPH)
|
|
Batting: RHB Oscar Mejia
|
0-0: Ball 1-0: Foul Ball, location: 2F 1-1: Fly out, F7 (Flyball, 7, EV 91.9 MPH)
|
|
Batting: SHB Danny Montero
|
0-0: Ball 1-0: Ball 2-0: Ball 3-0: Base on Balls
|
|
Batting: RHB Brad Fischer
|
0-0: Swinging Strike 0-1: Ball 1-1: Ball 2-1: Fielders Choice at 2nd, 6-4 (Groundball, 6, EV 80.6 MPH)
|
| Bottom of the 2nd over - 0 runs, 0 hits, 0 errors, 1 left on base; Wausau 0 - Quad Cities 0 |
| TOP OF THE 3RD |
|
Wausau Timbers batting - Pitching for Quad Cities Angels : LHP Mike Foster
|
|
Batting: RHB Bruce Chaney
|
0-0: Ball 1-0: Fly out, F8 (Flyball, 89D, EV 103.8 MPH)
|
|
Batting: RHB John Pignotti
|
0-0: Called Strike 0-1: Foul Ball, location: 2F 0-2: Foul Ball, location: 2F 0-2: Foul Ball, location: 2F 0-2: Ball 1-2: Ground out 6-3 (Groundball, 6S, EV 81.3 MPH)
|
|
Batting: SHB Herman Lewis
|
0-0: Ball 1-0: Called Strike 1-1: Foul Ball, location: 2F 1-2: Ball 2-2: Foul Ball, location: 2F 2-2: Foul Ball, location: 2F 2-2: Strikes out swinging
|
| Top of the 3rd over - 0 runs, 0 hits, 0 errors, 0 left on base; Wausau 0 - Quad Cities 0 |
| BOTTOM OF THE 3RD |
|
Quad Cities Angels batting - Pitching for Wausau Timbers : LHP Stanley Osterbur
|
|
Batting: RHB Carlos Rios
|
0-0: Fly out, F9 (Line Drive, 9, EV 99.4 MPH)
|
|
Batting: SHB Frank Diaz
|
0-0: Called Strike 0-1: Ball 1-1: Fly out, F8 (Flyball, 8LS, EV 98.1 MPH)
|
|
Batting: LHB Bob Helsom
|
0-0: Called Strike 0-1: Ball 1-1: Ball 2-1: Ball 3-1: Foul Ball, location: 2F 3-2: Reached on error, E1 (Groundball, 13S, EV 65.0 MPH)
|
|
Batting: RHB Rolando Roomes
|
0-0: Called Strike 0-1: Ball 1-1: Ball 2-1: Ball 3-1: Foul Ball, location: 2F 3-2: Foul Ball, location: 2F 3-2: Base on Balls Bob Helsom to second
|
|
Batting: LHB Chuck Sandberg
|
0-0: Ball 1-0: Ball 2-0: Called Strike 2-1: Swinging Strike 2-2: Ground out 4-3 (Groundball, 4, EV 105.6 MPH)
|
| Bottom of the 3rd over - 0 runs, 0 hits, 1 error, 2 left on base; Wausau 0 - Quad Cities 0 |
| TOP OF THE 4TH |
|
Wausau Timbers batting - Pitching for Quad Cities Angels : LHP Mike Foster
|
|
Batting: LHB Rodney Nealeigh
|
0-0: Ball 1-0: Ground out U3 (Groundball, 3L, EV 103.8 MPH)
|
|
Batting: RHB Rich Renteria
|
0-0: Ground out 1-3 (Groundball, 25, EV 66.9 MPH)
|
|
Batting: LHB Tom M Foley
|
0-0: Ball 1-0: Foul Ball, location: 2F 1-1: Foul Ball, location: 2F 1-2: Strikes out swinging
|
| Top of the 4th over - 0 runs, 0 hits, 0 errors, 0 left on base; Wausau 0 - Quad Cities 0 |
| BOTTOM OF THE 4TH |
|
Quad Cities Angels batting - Pitching for Wausau Timbers : LHP Stanley Osterbur
|
|
Batting: RHB Craig Walck
|
0-0: Fly out, F9 (Flyball, 9, EV 83.8 MPH)
|
|
Batting: RHB Oscar Mejia
|
0-0: Ball 1-0: Foul Ball, location: 2F 1-1: Foul Ball, location: 2F 1-2: Ball 2-2: Ground out 3-1 (Groundball, 34, EV 98.1 MPH)
|
|
Batting: SHB Danny Montero
|
0-0: Called Strike 0-1: Called Strike 0-2: SINGLE (Groundball, 6S, EV 64.4 MPH) (infield hit)
|
|
Pitching: RHP Daniel Pierce
|
|
|
Batting: RHB Brad Fischer
|
0-0: Ball 1-0: Swinging Strike 1-1: Ball 2-1: Ball 3-1: Fly out, F9 (Flyball, 89S, EV 93.1 MPH)
|
| Bottom of the 4th over - 0 runs, 1 hit, 0 errors, 1 left on base; Wausau 0 - Quad Cities 0 |
| TOP OF THE 5TH |
|
Wausau Timbers batting - Pitching for Quad Cities Angels : LHP Mike Foster
|
|
Batting: RHB Douglas Davis
|
0-0: Ball 1-0: Ground out U3 (Groundball, 3, EV 88.1 MPH)
|
|
Batting: SHB James Flores
|
0-0: Ball 1-0: Called Strike 1-1: Foul Ball, location: 2F 1-2: SINGLE (Groundball, 5S, EV 67.5 MPH) (infield hit)
|
|
Batting: RHB Jeffrey Young
|
0-0: Called Strike Pickoff Throw to First - Out! 1-3 0-1: Ground out 6-3 (Groundball, 6, EV 83.8 MPH)
|
| Top of the 5th over - 0 runs, 1 hit, 0 errors, 0 left on base; Wausau 0 - Quad Cities 0 |
| BOTTOM OF THE 5TH |
|
Quad Cities Angels batting - Pitching for Wausau Timbers : RHP Daniel Pierce
|
|
Batting: RHB Carlos Rios
|
0-0: Called Strike 0-1: Ball 1-1: Ball 2-1: Foul Ball, location: 2F 2-2: Ground out 6-3 (Groundball, 6, EV 90.6 MPH)
|
|
Batting: SHB Frank Diaz
|
0-0: Foul Ball, location: 2F 0-1: Foul Ball, location: 2F 0-2: Ball 1-2: Foul Ball, location: 2F 1-2: Ball 2-2: Fly out, F7 (Flyball, 7D, EV 105.6 MPH)
|
|
Batting: LHB Bob Helsom
|
0-0: Called Strike 0-1: Foul Ball, location: 2F 0-2: Ball 1-2: Ball 2-2: Foul Ball, location: 2F 2-2: Fly out, F7 (Flyball, 7, EV 73.8 MPH)
|
| Bottom of the 5th over - 0 runs, 0 hits, 0 errors, 0 left on base; Wausau 0 - Quad Cities 0 |
| TOP OF THE 6TH |
|
Wausau Timbers batting - Pitching for Quad Cities Angels : LHP Mike Foster
|
|
Batting: RHB Bruce Chaney
|
0-0: Ball 1-0: Fly out, F4 (Popup, 34, EV 66.9 MPH)
|
|
Batting: RHB John Pignotti
|
0-0: Ball 1-0: Foul Ball, location: 2F 1-1: Foul Ball, location: 2F 1-2: Foul Ball, location: 2F 1-2: Ball 2-2: Fly out, F7 (Flyball, 78S, EV 93.8 MPH)
|
|
Batting: SHB Herman Lewis
|
0-0: Ball 1-0: Ball 2-0: Ball 3-0: Base on Balls
|
|
Batting: LHB Rodney Nealeigh
|
0-0: Ball 1-0: Called Strike 1-1: Ball 2-1: Swinging Strike 2-2: Fielders Choice at 2nd, 5-4 (Groundball, 5, EV 83.8 MPH)
|
| Top of the 6th over - 0 runs, 0 hits, 0 errors, 1 left on base; Wausau 0 - Quad Cities 0 |
| BOTTOM OF THE 6TH |
|
Quad Cities Angels batting - Pitching for Wausau Timbers : RHP Daniel Pierce
|
|
Batting: RHB Rolando Roomes
|
0-0: Called Strike 0-1: SINGLE (Line Drive, 78S, EV 106.9 MPH)
|
|
Batting: LHB Chuck Sandberg
|
0-0: Called Strike 0-1: Swinging Strike 0-2: Ball 1-2: Strikes out swinging
|
|
Batting: RHB Craig Walck
|
0-0: Ball 1-0: Called Strike 1-1: Ball 2-1: Grounds into double play, 6-4-3 (Groundball, 6S, EV 76.9 MPH)
|
| Bottom of the 6th over - 0 runs, 1 hit, 0 errors, 0 left on base; Wausau 0 - Quad Cities 0 |
| TOP OF THE 7TH |
|
Wausau Timbers batting - Pitching for Quad Cities Angels : LHP Mike Foster
|
|
Batting: RHB Rich Renteria
|
0-0: SINGLE (Groundball, 56D, EV 111.3 MPH)
|
|
Batting: LHB Tom M Foley
|
0-0: Called Strike 0-1: Ball 1-1: Ball 2-1: Ball 3-1: Ground out U3 (Groundball, 34S, EV 65.6 MPH) Rich Renteria to second
|
|
Batting: RHB Douglas Davis
|
0-0: Ball 1-0: Ball 2-0: Ground out U3 (Groundball, 34S, EV 81.9 MPH) Rich Renteria to third
|
|
Batting: SHB James Flores
|
0-0: Foul Ball, location: 2F 0-1: Ball 1-1: Foul Ball, location: 2F 1-2: Foul Ball, location: 2F 1-2: Ball 2-2: Ball 3-2: SINGLE (Groundball, 6D, EV 93.8 MPH) Rich Renteria scores
|
|
Batting: RHB Jeffrey Young
|
0-0: Ball 1-0: Foul Ball, location: 2F 1-1: Swinging Strike 1-2: Strikes out swinging
|
| Top of the 7th over - 1 run, 2 hits, 0 errors, 1 left on base; Wausau 1 - Quad Cities 0 |
| BOTTOM OF THE 7TH |
|
Quad Cities Angels batting - Pitching for Wausau Timbers : RHP Daniel Pierce
|
|
Batting: RHB Oscar Mejia
|
0-0: Ball 1-0: Ball 2-0: Ball 3-0: Called Strike 3-1: Base on Balls
|
|
Batting: SHB Danny Montero
|
0-0: Bunt missed! 0-1: Bunt missed! 0-2: Fly out, F8 (Flyball, 78M, EV 98.8 MPH)
|
|
Batting: RHB Brad Fischer
|
0-0: Swinging Strike 0-1: Fielders Choice at 2nd, 4-6 (Groundball, 4, EV 85.6 MPH)
|
|
Pinch Hitting: RHB Mike Sharperson
|
0-0: Called Strike 0-1: Ball 1-1: Ball Pickoff Throw to First - Error! E1 Brad Fischer to second 2-1: Foul Ball, location: 2F 2-2: SINGLE (Groundball, 6MD, EV 96.3 MPH) Brad Fischer to third Runner from 3rd tries for Home, throw by CF and OUT! 8-2
|
| Bottom of the 7th over - 0 runs, 1 hit, 1 error, 1 left on base; Wausau 1 - Quad Cities 0 |
| TOP OF THE 8TH |
|
Wausau Timbers batting - Pitching for Quad Cities Angels : LHP Mike Foster
|
|
Now at 3B: Mike Sharperson
|
|
|
Batting: RHB Bruce Chaney
|
0-0: Ball 1-0: SINGLE (Flyball, 3D, EV 96.9 MPH)
|
|
Batting: RHB John Pignotti
|
0-0: Bunt missed! 0-1: Sac Bunt to 5S - play at first, batter OUT! 5-4 Bruce Chaney to second
|
|
Batting: SHB Herman Lewis
|
0-0: Ball 1-0: Foul Ball, location: 2F 1-1: Ball 2-1: Called Strike 2-2: Ball 3-2: Fly out, F7 (Line Drive, 7, EV 94.4 MPH)
|
|
Batting: LHB Rodney Nealeigh
|
0-0: Ball 1-0: Ground out 1-3 (Groundball, 34S, EV 66.3 MPH)
|
| Top of the 8th over - 0 runs, 1 hit, 0 errors, 1 left on base; Wausau 1 - Quad Cities 0 |
| BOTTOM OF THE 8TH |
|
Quad Cities Angels batting - Pitching for Wausau Timbers : RHP Daniel Pierce
|
|
Batting: SHB Frank Diaz
|
0-0: Ball 1-0: Ball 2-0: Called Strike 2-1: Foul Ball, location: 2F 2-2: Ball 3-2: Ground out 4-3 (Groundball, 4MS, EV 91.3 MPH)
|
|
Batting: LHB Bob Helsom
|
0-0: Called Strike 0-1: Called Strike 0-2: Ball 1-2: Ball 2-2: Ball 3-2: Base on Balls
|
|
Pitching: RHP Rafael Ramirez
|
|
|
Batting: RHB Rolando Roomes
|
0-0: Grounds into double play, 6-4-3 (Groundball, 6, EV 102.5 MPH)
|
| Bottom of the 8th over - 0 runs, 0 hits, 0 errors, 0 left on base; Wausau 1 - Quad Cities 0 |
| TOP OF THE 9TH |
|
Wausau Timbers batting - Pitching for Quad Cities Angels : LHP Mike Foster
|
|
Batting: RHB Rich Renteria
|
0-0: Fly out, F7 (Line Drive, 7, EV 96.3 MPH)
|
|
Batting: LHB Tom M Foley
|
0-0: Swinging Strike 0-1: Ground out 4-3 (Groundball, 34D, EV 103.1 MPH)
|
|
Batting: RHB Douglas Davis
|
0-0: Fly out, F5 (Popup, 56S, EV 72.5 MPH)
|
| Top of the 9th over - 0 runs, 0 hits, 0 errors, 0 left on base; Wausau 1 - Quad Cities 0 |
| BOTTOM OF THE 9TH |
|
Quad Cities Angels batting - Pitching for Wausau Timbers : RHP Rafael Ramirez
|
|
Batting: LHB Chuck Sandberg
|
0-0: Ball 1-0: Called Strike 1-1: Foul Ball, location: 2F 1-2: Ball 2-2: Ball 3-2: Base on Balls
|
|
Batting: RHB Craig Walck
|
0-0: Foul Ball, location: 2F 0-1: Ball 1-1: Reached on error, E4 (Groundball, 4, EV 81.3 MPH) Chuck Sandberg to second
|
|
Pinch Runner at 2nd Brian Butera:
|
|
|
Batting: RHB Oscar Mejia
|
0-0: Sac Bunt to 25 - play at first, batter OUT! 5-3 Brian Butera to third Craig Walck to second
|
|
Batting: SHB Danny Montero
|
0-0: Intentional Walk
|
|
Batting: RHB Brad Fischer
|
0-0: Ball 1-0: Ball 2-0: SINGLE (Groundball, 56, EV 96.3 MPH) Brian Butera scores Craig Walck to third Danny Montero to second Runner from 3rd tries for Home, SAFE, throw by LF to home
|
| Bottom of the 9th over - 2 runs, 1 hit, 1 error, 0 left on base; Wausau 1 - Quad Cities 2 |
|